 Dungeon Crawl Stone Soup version 0.31-a0-236-g9a0961fb85 (webtiles) character file.

Game seed: 6600707667281004572

273 qw the Shooter (level 6, -4/35 HPs)
             Began as a Gargoyle Hexslinger on July 10, 2023.
             Was an Initiate of Okawaru.
             Slain by an orc
             ... wielding a +0 hand axe
              (5 damage)
             ... on level 4 of the Dungeon.
             The game lasted 00:01:32 (3699 turns).

qw the Shooter (Gargoyle Hexslinger)                Turns: 3699, Time: 00:01:32

Health: -4/35      AC:  9    Str: 11    XL:     6   Next: 23%
Magic:  7/7        EV: 10    Int: 14    God:    Okawaru [......]
Gold:   178        SH:  0    Dex: 14    Spells: 6/7 levels left

rFire   + . .        Y - +1 sling
rCold   + . .        (no shield)
rNeg    + . .        n - +0 ring mail {rF+}
rPois   inf          (no helmet)
rElec   +            (no cloak)
rCorr   .            (no gloves)
SInv    .            (no boots)
Will    .....        (no amulet)
Stlth   +            a - ring of protection from cold
HPRegen 0.25/turn    (no ring)
MPRegen 0.10/turn

%: no passive effects
@: no status effects
A: sickness immunity, AC +4, negative energy resistance 1, electricity
resistance, torment resistance 1, petrification resistance
a: Renounce Religion


You were on level 4 of the Dungeon.
You worshipped Okawaru.
Okawaru was noncommittal.
You visited 2 branches of the dungeon, and saw 5 of its levels.

You collected 178 gold pieces.


Innate Abilities, Weirdness & Mutations

You are immune to sickness and miasma.
Your stone body is resilient. (AC +4)
You are immune to poison.
You resist negative energy. (rN+)
You are resistant to electric shocks. (rElec)
You are resistant to unholy torment.
You are immune to petrification.


   Skills:
 - Level 2.2 Fighting
 - Level 6.0 Ranged Weapons
 + Level 0.4 Armour
 - Level 1.5 Dodging
 - Level 1.0 Spellcasting
 - Level 2.6 Hexes


You had 6 spell levels left.
You knew the following spells:

 Your Spells              Type           Power      Damage    Failure   Level
a - Slow                  Hex            32%        N/A       22%         1

Your spell library contained the following spells:

 Spells                   Type           Power      Damage    Failure   Level
 Inner Flame              Hex/Fire       4%         N/A       73%         3
 Portal Projectile        Hex/Tloc       8%         N/A       73%         3
 Cause Fear               Hex            4%         N/A       91%         4

Inventory:

Hand Weapons
 Y - a +1 sling (weapon)
Armour
 n - a +0 ring mail of fire resistance (worn)
Jewellery
 a - a ring of protection from cold (left hand)
 k - a ring of fire
Scrolls
 b - a scroll of identify
 c - a scroll of acquirement {unknown}
Potions
 d - a potion of resistance {unknown}
 e - a potion of enlightenment {unknown}
 g - a potion of brilliance {unknown}
 i - 3 potions of cancellation
 j - a potion of magic {unknown}
 l - 2 potions of berserk rage {unknown}

Dungeon Overview and Level Annotations

Branches:
Dungeon (4/15)             Temple (1/1) D:4

Altars:
Dithmenos
Elyvilon
Fedhas
Hepliaklqana
Kikubaaqudgha
Makhleb
Nemelex Xobeh
Okawaru
Qazlal
Ru
Sif Muna
Trog
Uskayaw
Vehumet
Wu Jian
Xom
Yredelemnul
Zin
The Shining One

Annotations:
D:3 1 runed translucent door, Crazy Yiuf


Message History

3689 ||| DRINKING potion of curing.
You feel better.
3689 ||| (to cure confusion)
The orc hits you from afar with a +0 trident.
The orc hits you but does no damage. Something hits you but does no damage.
You shoot a sling bullet. The sling bullet hits the orc.
The orc is almost dead.
The orc hits you but does no damage. x2; Something hits you but does no damage.
You shoot a sling bullet.
The sling bullet closely misses the orc.
The orc closely misses you.
You hear some strange, mumbled words.
You are confused.
The orc hits you but does no damage. The orc barely misses you.
Something hits you but does no damage. The orc closely misses you.
The orc hits you but does no damage. Something hits you but does no damage.
The orc hits you but does no damage. The orc misses you.
You hear some strange, mumbled words.
A magic dart appears from out of thin air!
The magic dart hits you. The orc hits you with a +0 hand axe.
The orc hits you from afar with a +0 trident!
You hear some strange, mumbled words.
Something tries to affect you, but you resist.
The orc hits you but does no damage.
The orc hits you from afar with a +0 trident.
Something hits you. The orc hits you but does no damage.
An orc wizard appears from thin air!
Reactivating autopickup.
The orc barely misses you. The orc wizard closely misses you.
The orc hits you but does no damage.
You feel less confused.
The orc hits you from afar with a +0 trident.
The orc wizard hits you but does no damage.
The orc closely misses you.
You shoot a sling bullet. The sling bullet barely misses the orc.
The orc hits you but does no damage. The orc wizard casts a spell at you.
You resist with some effort. The orc hits you with a +0 hand axe.
You die...

##
...####+##
.....)...#
......o).#
.:...o.@.#
+.
....)##o##
##. .[.
#.#
....... .
#.#
##.....
#.# ~#....
#.# ~#...
#.##.#
~..####
#.##.#
~.....###
#.##.#


You could see an orc wizard and 2 orcs.

Vanquished Creatures
  Sigmund (D:3)
  3 adders (D:2)
  2 worms (D:2)
  3 dart slugs
  2 orcs (D:4)
  7 ball pythons
  6 bats
  6 endoplasms
  4 giant cockroaches
  6 goblins
  7 hobgoblins
  A quokka (D:1)
  3 frilled lizards
  11 kobolds
  4 rats
66 creatures vanquished.

Notes
Turn   | Place    | Note
-------+----------+-------------------------------------------
     0 | D:1      | qw the Gargoyle Hexslinger began the quest for the Orb.
     0 | D:1      | Reached XP level 1. HP: 12/12 MP: 2/2
     0 | D:1      | 0 ||| qw: Version: 0.3-a-52-g30416fa
     0 | D:1      | 0 ||| qw: Game counter: 4628
     0 | D:1      | 0 ||| qw: Melee chars always use a shield: true
     0 | D:1      | 0 ||| qw: God list: Okawaru
     0 | D:1      | 0 ||| qw: Allow faded altars: false
     0 | D:1      | 0 ||| qw: Do Orc after clearing Dungeon:15 true
     0 | D:1      | 0 ||| qw: Do second Lair branch before Depths: true
     0 | D:1      | 0 ||| qw: Lair rune preference: random
     0 | D:1      | 0 ||| qw: Goals: Normal
     0 | D:1      | 0 ||| PLANNING D:1-11
   224 | D:1      | Reached XP level 2. HP: 16/16 MP: 3/3
   370 | D:1      | Reached skill level 3 in Ranged Weapons
   709 | D:1      | 709 ||| FLEEEEING.
   726 | D:1      | Reached XP level 3. HP: 21/21 MP: 4/4
   942 | D:1      | 942 ||| UPGRADING to +0 leather armour.
   952 | D:1      | 952 ||| DROPPING +0 robe.
   960 | D:1      | 960 ||| DROPPING amulet of magic regeneration.
   961 | D:1      | 961 ||| READING scroll labelled NUECLY ROMI.
  1005 | D:1      | 1005 ||| DRINKING 2 metallic amethyst potions.
  1021 | D:1      | 1021 ||| DROPPING scroll of poison.
  1442 | D:2      | You fall into a shaft and drop 2 floors!
  1464 | D:4      | 1464 ||| READING scroll labelled VAAGEC HIHAR.
  1465 | D:4      | 1465 ||| READING 2 scrolls labelled JIUDYH MOSTUPNE.
  1478 | D:3      | Noticed Sigmund
  1479 | D:3      | 1479 ||| FLEEEEING.
  1481 | D:3      | 1481 ||| STAIRDANCE
  1533 | D:2      | Reached XP level 4. HP: 26/26 MP: 5/5
  1753 | D:2      | Reached skill level 4 in Ranged Weapons
  1990 | D:2      | 1990 ||| UPGRADING to ring of protection from cold.
  2017 | D:3      | 2017 ||| STAIRDANCE
  2060 | D:3      | 2060 ||| STAIRDANCE
  2101 | D:3      | 2101 ||| STAIRDANCE
  2123 | D:3      | 2123 ||| STAIRDANCE
  2161 | D:3      | 2161 ||| STAIRDANCE
  2177 | D:3      | 2177 ||| STAIRDANCE
  2187 | D:3      | 2187 ||| STAIRDANCE
  2219 | D:3      | 2219 ||| STAIRDANCE
  2268 | D:3      | 2268 ||| STAIRDANCE
  2305 | D:3      | 2305 ||| STAIRDANCE
  2329 | D:3      | 2329 ||| STAIRDANCE
  2331 | D:3      | 2331 ||| STAIRDANCE
  2365 | D:3      | 2365 ||| STAIRDANCE
  2397 | D:3      | 2397 ||| STAIRDANCE
  2432 | D:3      | 2432 ||| STAIRDANCE
  2470 | D:3      | 2470 ||| STAIRDANCE
  2510 | D:3      | 2510 ||| STAIRDANCE
  2539 | D:3      | 2539 ||| STAIRDANCE
  2577 | D:3      | 2577 ||| STAIRDANCE
  2590 | D:3      | Killed Sigmund
  2591 | D:3      | Reached skill level 6 in Ranged Weapons
  2591 | D:3      | Reached XP level 5. HP: 27/30 MP: 6/6
  2591 | D:3      | Reached XP level 6. HP: 31/35 MP: 7/7
  2644 | D:3      | Found a faded altar of an unknown god.
  2895 | D:3      | Found a runed translucent door.
  2896 | D:3      | Noticed Crazy Yiuf
  3023 | D:3      | 3023 ||| UPGRADING to +0 ring mail.
  3033 | D:3      | 3033 ||| DROPPING +0 leather armour.
  3034 | D:3      | 3034 ||| UPGRADING to +0 ring mail of fire resistance.
  3044 | D:3      | 3044 ||| DROPPING +0 ring mail.
  3045 | D:3      | 3045 ||| READING scroll labelled TEDEERUNOH.
  3046 | D:3      | 3046 ||| DRINKING 2 murky cyan potions.
  3112 | D:4      | Found a staircase to the Ecumenical Temple.
  3113 | D:4      | 3113 ||| PLANNING TEMPLE
  3124 | Temple   | Entered the Ecumenical Temple
  3125 | Temple   | 3125 ||| PLANNING OKAWARU WORSHIP
  3611 | Temple   | Became a worshipper of Warmaster Okawaru
  3612 | Temple   | 3612 ||| PLANNING D:1-11
  3689 | D:4      | 3689 ||| DRINKING potion of curing.
  3689 | D:4      | 3689 ||| (to cure confusion)
  3696 | D:4      | HP: 8/35 [orc/+0 trident (1)]
  3698 | D:4      | HP: 1/35 [orc/+0 trident (6)]
  3699 | D:4      | Slain by an orc

Levels and vault maps discovered:
D:1:      dpeg_arrival_shrine, layout_loops_corners, minmay_misc_feat_tiny,
          st_stairs_6
D:2:      layout_basic
D:3:      layout_rooms, basic_ecumenical_altar, chequers_serial_rivers_micro_c,
          uniq_crazy_yiuf_cottage, uniq_sigmund
D:4:      layout_basic, minmay_temple_entry_water_ring
Temple:   compressed_dpeg_triangle_lava_temple

Skill      XL: |  1  2  3  4 |
---------------+-------------+-----
Ranged Weapons | 3 6 |  6.0
Fighting       | 2 |  2.2
Armour         | |  0.4
Dodging        | |  1.5
Spellcasting   | |  1.0
Hexes          | |  2.6

Action                     |  1- 3 |  4- 6 || total
---------------------------+-------+-------++-------
   Fire: Sling             |   114 |   153 ||   267
    Use: Scroll            |     3 |     1 ||     4
         Potion            |     1 |     2 ||     3
 Armour: Robe              |     6 |       ||     6
         Leather armour    |    20 |    29 ||    49
         Ring mail         |       |    28 ||    28
  Dodge: Dodged            |    27 |    74 ||   101

Table legend:
 A = Non-vault XP
 B = Vault XP
 C = Vault XP percentage of total XP
 D = Non-vault monster count
 E = Vault monster count
 F = Vault count percentage of total count
                 A         B        C        D         E       F
            +---------+---------+-------+---------+---------+-------
      Total |     158 |     232 |  59.5 |      64 |       2 |   3.0
            +---------+---------+-------+---------+---------+-------
        D:1 |      35 |       1 |   2.8 |      18 |       1 |   5.3
        D:2 |      80 |       0 |   0.0 |      24 |       0 |   0.0
        D:3 |      28 |     231 |  89.2 |      15 |       1 |   6.2
        D:4 |      15 |       0 |   0.0 |       7 |       0 |   0.0
            +---------+---------+-------+---------+---------+-------
